 Dungeon Crawl Stone Soup version 0.19-a0-308-gc901c38 (webtiles) character file.

2466627 Senshi the Middleweight Champion (level 27, 317/317 (323) HPs)
             Began as a Demonspawn Gladiator on May 27, 2016.
             Was the Champion of Okawaru.
             Escaped with the Orb
             ... and 5 runes!
             The game lasted 05:24:54 (134265 turns).

Senshi the Middleweight Champion (DsGl)           Turns: 134265, Time: 05:24:55

HP:   317/317 (323) AC: 47    Str: 16    XL:     27
MP:   37/39         EV: 14    Int:  8    God:    Okawaru [******]
Gold: 11593         SH:  6    Dex: 13    Spells: 3 memorised, 33 levels left

rFire  + + +     SeeInvis +       - Unarmed
rCold  . . .     Gourm    .     M - +5 crystal plate armour of the Beekeeper {rC- MR++ MP+9 Stlth+}
rNeg   + . .     Faith    .     L - +0 buckler of the Comet {rPois SInv}
rPois  +         Spirit   +     u - +2 hat of the Bear Spirit {Spirit, +Rage rN+ MR++}
rElec  .         Dismiss  +     I - +2 cloak {+Inv}
rCorr  .         Reflect  .     (gloves unavailable)
SustAt .         Harm     .     a - +2 pair of boots {run}
MR     +++++     Rnd*Rage +     k - amulet "Citec" {Dismiss rF++ MR++ Str-5}
Stlth  .......... Rnd*Tele +    e - +5 ring of slaying
                                g - ring of Yduasuakk {rF+ Dex+2 Slay+3}

@: exhausted, very slightly contaminated, deflect missiles, quick, almost
entirely resistant to hostile enchantments, extremely unstealthy
A: claws 3, berserk 3, blurry vision 3, clumsy 2, cold resistance 1, deformed
body, demonic guardian 3, deterioration 1, dopey 2, icemail, low mp 2, robust 3,
screaming 1, teleportitis 2, weak 2, no device heal 3, freezing cloud immunity,
subdued magic 3, MP-powered wands, sturdy frame 3
a: Heroism, Finesse, Renounce Religion, Evoke Berserk Rage, Evoke Invisibility
0: Orb of Zot
}: 5/15 runes: decaying, serpentine, slimy, silver, abyssal


You escaped.
You worshipped Okawaru.
Okawaru was exalted by your worship.
You were not hungry.

You visited 13 branches of the dungeon, and saw 63 of its levels.
You visited the Abyss 6 times.
You visited 1 ziggurat, and saw 8 of its levels.
You also visited: Wizlab.

You collected 12839 gold pieces.
You spent 1220 gold pieces at shops.

Inventory:

Missiles
 d - 6 throwing nets (quivered)
 v - 15 steel javelins
 T - 10 javelins
 V - 33 javelins of penetration
Armour
 a - a +2 pair of boots of running (worn)
 s - the +2 cloak "Xyeguw" {rF+ MR++ rCorr SInv}
   (You found it on level 5 of a ziggurat)

   It protects you from fire.
   It affects your resistance to hostile enchantments.
   It lets you see invisible.
   It protects you from acid and corrosion.
 u - the +2 hat of the Bear Spirit (worn) {Spirit, +Rage rN+ MR++}
   (You acquired it on level 2 of the Realm of Zot)

   It protects you from negative energy.
   It affects your resistance to hostile enchantments.
   It lets you go berserk.
 I - a +2 cloak of invisibility (worn)
 L - the +0 buckler of the Comet (worn) {rPois SInv}
   (You found it on level 6 of the Pits of Slime)

   It protects you from poison.
   It lets you see invisible.
 M - the +5 crystal plate armour of the Beekeeper (worn) {rC- MR++ MP+9 Stlth+}
   (You acquired it on level 6 of the Lair of Beasts)

   It makes you vulnerable to cold.
   It affects your resistance to hostile enchantments.
   It affects your magic capacity (+9).
   It makes you more stealthy.
Rods
 Q - a +4 rod of clouds (14/14)
   (You found it on level 5 of the Vaults)
Jewellery
 e - a +5 ring of slaying (right claw)
 f - an uncursed ring of positive energy
 g - the ring of Yduasuakk (left claw) {rF+ Dex+2 Slay+3}
   (You found it in a wizard's laboratory)

   [ring of dexterity]

   It affects your dexterity (+2).
   It affects your accuracy and damage with ranged weapons and melee attacks
   (+3).
   It protects you from fire.
 k - the amulet "Citec" (around neck) {Dismiss rF++ MR++ Str-5}
   (You found it on level 6 of the Pits of Slime)

   [amulet of dismissal]

   It may teleport away creatures that harm you.
   It affects your strength (-5).
   It greatly protects you from fire.
   It affects your resistance to hostile enchantments.
 n - an uncursed ring of protection from fire
 y - an uncursed ring of protection from cold
 z - the ring "Olypugob" {rF+ MR+ MP+9 Str+3}
   (You found it on level 1 of the Abyss)

   [ring of protection from magic]

   It affects your strength (+3).
   It protects you from fire.
   It affects your resistance to hostile enchantments.
   It affects your magic capacity (+9).
 K - the amulet "Efruobeygi" {Reflect rElec MR+ Str+5 SH+4}
   (You found it on level 8 of the Dungeon)

   [amulet of reflection]

   It shields you and reflects attacks.
   It affects your strength (+5).
   It insulates you from electricity.
   It affects your resistance to hostile enchantments.
   It affects your SH (+4).
 P - an uncursed ring of flight
Wands
 b - a wand of heal wounds (1/9)
 c - a wand of hasting (2/9)
 x - a wand of digging (0/24)
 U - a wand of disintegration (11/24)
Scrolls
 h - 58 scrolls of remove curse
 i - 3 scrolls of silence
 l - 34 scrolls of teleportation
 m - 15 scrolls of identify
 o - 9 scrolls of summoning
 q - 16 scrolls of enchant armour
 t - 10 scrolls of fear
 w - 13 scrolls of fog
 D - 4 scrolls of blinking
 J - 15 scrolls of magic mapping
 O - 11 scrolls of recharging
 Z - a scroll of brand weapon
Potions
 r - 3 potions of heal wounds
 C - 17 potions of might
 E - 7 potions of agility
 F - 7 potions of ambrosia
 H - 32 potions of curing
 N - 5 potions of cancellation
 R - 5 potions of resistance
 S - 2 potions of berserk rage
 W - 8 potions of haste
Books
 p - a book of Envenomations

   Spells                             Type                      Level
   a - Spider Form                    Transmutation/Poison         3
   b - Olgreb's Toxic Radiance        Poison                       4
   c - Alistair's Intoxication        Transmutation/Poison         5
   d - Poisonous Cloud                Conjuration/Poison/Air       6
 G - the Collected Works on Ghastly Poisoning
   (You found it on level 5 of a ziggurat)

   Spells                             Type                      Level
   a - Pain                           Necromancy                   1
   b - Corpse Rot                     Necromancy                   2
   c - Regeneration                   Charms/Necromancy            3
   d - Mephitic Cloud                 Conjuration/Poison/Air       3
   e - Spider Form                    Transmutation/Poison         3
   f - Cigotuvi's Embrace             Necromancy                   5
Comestibles
 j - 21 beef jerkies
 A - 72 fruits
 B - 2 bread rations


   Skills:
 O Level 27 Fighting
   Level 7.4 Maces & Flails
 - Level 11.2 Throwing
 + Level 24.2 Armour
 + Level 24.2 Dodging
 - Level 10.5 Shields
 O Level 27 Unarmed Combat
 - Level 11.1 Spellcasting
 - Level 21.0 Charms
 - Level 7.1 Necromancy
 - Level 20.0 Air Magic
 - Level 10.2 Invocations
 - Level 8.8 Evocations


You had 33 spell levels left.
You knew the following spells:

 Your Spells              Type           Power        Failure   Level  Hunger
a - Regeneration          Chrm/Necr      ##........   1%          3    ###....
b - Deflect Missiles      Chrm/Air       ###.......   1%          6    #######
c - Haste                 Chrm           ###.....     1%          6    #######


Dungeon Overview and Level Annotations

Branches:
Dungeon (15/15)            Temple (1/1) D:5            Lair (8/8) D:10
  Swamp (4/4) Lair:5        Snake (4/4) Lair:5        Slime (6/6) Lair:6
    Orc (2/2) D:11            Elf (3/3) Orc:2        Vaults (5/5) D:13
  Crypt (3/3) Vaults:3       Tomb (2/3) Crypt:3      Depths (5/5) D:15
    Zot (5/5) Depths:5

Altars:
Ashenzari
Cheibriados
Dithmenos
Elyvilon
Fedhas
Gozag
Hepliaklqana
Kikubaaqudgha
Makhleb
Nemelex Xobeh
Okawaru
Pakellas
Qazlal
Ru
Sif Muna
Trog
Ukayaw
Vehumet
Xom
Yredelemnul
Zin
The Shining One
Beogh
Jiyva
Lugonu

Shops:
D:7 %   D:8 [   D:10 (   D:13 (   D:14 }   Orc:1 [   Orc:2 [(:*   Snake:3 (
Vaults:2 *   Vaults:4 }   Depths:1 *

Portals:
Hell: Depths:1 Depths:2 Depths:3 Depths:4 Depths:5
Abyss: Depths:1 Depths:3 Depths:4
Pandemonium: Depths:3

Annotations:
Tomb:1 Boris
Zot:5 exclusion: 2 obsidian statues


Innate Abilities, Weirdness & Mutations

You have claws for hands.
Your flesh is cold resistant. (rC+)
A powerful demonic guardian rushes to your aid.
A meltable icy envelope protects you from harm (AC +10).
You are extremely robust. (+30% HP)
You are immune to freezing clouds.
Your movements are significantly less encumbered by armour. (ER -6)
You have an uncontrollable temper.
Scrolls take you much longer to read.
You are very clumsy. (Dex -4)
Armour fits poorly on your strangely shaped body.
Your body sometimes deteriorates upon taking damage.
You are very dopey. (Int -4)
Your magical capacity is very low. (-20% MP)
You occasionally shout uncontrollably at your foes.
You are sometimes teleported next to monsters.
You are very weak. (Str -4)
Potions and wands cannot restore your health.
Your spells are much easier to cast, but much less powerful.
You expend magic power (3 MP) to strengthen your wands.


Message History

The green death is heavily wounded.
You feel yourself speed up.
A neqoxec comes into view.
You shout at the neqoxec!
You mangle the green death!!
The green death is almost dead.
You block the green death's attack. The green death gestures at you.
You deflect the bolt of poison!
Your reaper hits the green death from afar with an enchanted scythe!!
The green death dies!
Okawaru accepts your kill.
Evoke which item? (* to show all) (? for menu, Esc to quit)
Zapping:
x - a wand of digging (1/24)
Press: ? - help, Shift-Dir - straight line, f - you The rock shatters into small pieces.
This wand has 0 charges left.
Egedyiju gestures.
Your reaper hits Egedyiju with an enchanted scythe!!!
There is a staircase leading out of the dungeon here.
You have escaped!

.####....####....##
#..........
..##......##......#
#.....#####
..##..##..##..##..#
#.#####
..##..##..##.3##..# #.#
..##..##..##..##..#####.#
..##..##..##..##..##....#
......##.....3#....####)#
#....####....2.&....# #.#
###### ########@.#####.#
#####.>..# ######


You could see Egedyiju, a neqoxec and a friendly reaper.

Vanquished Creatures
  the Royal Jelly (Slime:6)
  Dissolution (Slime:3)
  13 orbs of fire
  The ghost of chequers the Invulnerable, a legendary MiGl of the Shining One (Tomb:1)
  Khufu (Crypt:2)
  Mennas (Vaults:2)
  2 juggernauts (Zig:6)
  11 ancient liches
  4 greater mummies
  the Lernaean hydra (Swamp:4)
  Frederick (Vaults:3)
  A caustic shrike (Zig:5)
  A pandemonium lord (Zig:2)
  5 Killer Klowns
  8 golden dragons
  Xtahua (Crypt:2)
  An iron giant (Depths:3)
  2 profane servitors (Abyss:1)
  Jory (Depths:5)
  24 bone dragons (Abyss:1)
  A mutant beast (WizLab)
  15 tentacled monstrosities
  2 electric golems
  3 hellephants
  Jorgrun (Vaults:4)
  24 Orb Guardians
  Rupert (Lair:3)
  23 liches
  2 Hell Sentinels (Abyss:1)
  5 deep elf blademasters
  A quicksilver dragon (Depths:4)
  20 acid blobs
  The ghost of ereinion the Eclecticist, an adept HEWz of Sif Muna (Snake:4)
  7 titans
  A deep elf master archer (Elf:3)
  3 ancient champions
  2 thorn hunters
  Frances (Snake:2)
  6 Executioners (Abyss:1)
  9 death cobs
  8 tengu reavers (Vaults:5)
  139 tentacled starspawn (Abyss:1)
  Agnes (Vaults:3)
  15 sphinxes
  2 shadow dragons
  8 storm dragons
  8 greater nagas (Snake:4)
  7 draconian monks
  3 daevas (Abyss:1)
  10 revenants
  8 frost giants
  A fire giant (shapeshifter) (Zig:4)
  11 azure jellies
  13 deep elf sorcerers
  Wiglaf (Crypt:2)
  An iron dragon (Depths:5)
  3 draconian scorchers
  12 vault wardens
  12 fire giants
  7 balrugs
  6 draconian knights
  An orc warlord (Orc:1)
  4 ghost moths
  Louise (Elf:2)
  7 cacodemons (Abyss:1)
  3 draconian zealots
  A caustic shrike zombie (Depths:2)
  3 ghouls
  A ghost moth (shapeshifter) (Vaults:5)
  8 angels (Abyss:1)
  8 deep elf elementalists
  7 draconian shifters
  18 ironheart preservers
  3 spriggan defenders
  6 war gargoyles
  8 reapers
  4 curse skulls
  6 draconian annihilators
  4 draconian callers
  92 very ugly things
  A juggernaut skeleton (Depths:2)
  2 ophanim (Abyss:1)
  5 salamander stormcallers
  23 stone giants
  7 lorocyprocas (Abyss:1)
  8 vampire knights
  5 deep elf demonologists
  8 deep elf annihilators
  3 green draconians
  20 red draconians
  10 black draconians
  The ghost of Sixotanaka the Elven Blade, a journeyman HESk of Cheibriados (Orc:2)
  8 mottled draconians
  9 purple draconians
  7 dire elephants (Abyss:3)
  5 spark wasps
  14 white draconians
  12 eidola
  423 starcursed masses (Abyss:1)
  12 yellow draconians
  21 ettins
  8 green deaths
  3 blizzard demons (Abyss:1)
  28 vault guards
  13 fire dragons
  A crystal guardian (Zig:5)
  8 mummy priests
  7 deep elf high priests (Elf:3)
  9 deep elf death magi
  Harold (Lair:2)
  Josephine (Orc:2)
  16 yaktaur captains
  6 death oozes
  12 jiangshi
  19 great orbs of eyes
  A quicksilver dragon zombie (Abyss:1)
  5 entropy weavers
  2 hell beasts
  2 spriggan air magi
  2 ghost crabs
  An ice dragon (shapeshifter) (Vaults:5)
  4 quicksilver dragon skeletons
  24 rakshasas
  17 hydras
  15 ice dragons
  6 naga warriors
  2 catoblepae
  8 death knights
  8 alligators
  14 centaur warriors
  6 death yaks
  15 hell hogs (Abyss:1)
  7 tengu warriors
  An anaconda (shapeshifter) (Depths:5)
  11 deep troll shamans
  A queen ant (shapeshifter) (Abyss:1)
  9 anacondas
  10 deep troll earth magi
  16 naga sharpshooters
  35 dancing weapons
  2 iron golems
  12 ogre magi
  2 orc high priests
  11 sun demons
  15 deep elf knights
  A queen ant (Lair:5)
  Urug (Lair:3)
  A titan zombie (Abyss:1)
  5 spriggan berserkers
  91 thrashing horrors (Abyss:1)
  16 vampire magi
  7 shock serpents
  8 shadow wraiths
  12 hell knights
  5 soul eaters
  A golden dragon zombie (Abyss:1)
  A storm dragon zombie (Abyss:1)
  23 skeletal warriors
  5 iron trolls
  104 wretched stars (Abyss:1)
  13 death scarabs (Tomb:1)
  A fire crab (Vaults:4)
  28 spatial maelstroms
  3 salamander mystics
  3 unseen horrors (shapeshifter)
  An anaconda zombie (Abyss:1)
  A storm dragon skeleton (Crypt:3)
  3 spriggan druids
  A deep troll (shapeshifter) (Elf:1)
  2 swamp dragons (shapeshifter)
  17 swamp dragons
  5 unseen horrors
  3 death drakes
  17 flayed ghosts
  2 shadow demons (Abyss:1)
  5 naga ritualists
  A ghost moth zombie (Abyss:1)
  56 deep trolls
  A lindwurm (shapeshifter) (WizLab)
  6 lindwurms
  2 shadow dragon zombies (Abyss:1)
  4 shambling mangroves
  15 orc knights
  18 phantasmal warriors
  25 deep elf archers
  24 giant orange brains
  A harpy (shapeshifter) (Depths:2)
  20 ironbrand convokers
  7 anubis guards (Tomb:1)
  An anaconda skeleton (Abyss:1)
  5 orb spiders (Abyss:1)
  2 hornets (shapeshifter)
  3 wolf spider zombies
  4 wolf spiders
  2 hill giants
  A mana viper (shapeshifter) (WizLab)
  4 hornets
  10 shining eyes
  72 deep elf magi
  8 necromancers
  9 orc sorcerers
  A fire giant zombie (Abyss:1)
  A golden dragon skeleton (Abyss:1)
  5 stone giant zombies
  7 griffons
  8 cyclopes
  4 manticores
  11 mana vipers
  69 ugly things
  5 wizards
  2 shadow dragon skeletons
  2 iron dragon skeletons (Abyss:1)
  2 shining eyes (shapeshifter)
  14 salamanders
  2 salamanders (shapeshifter)
  A faun (shapeshifter) (Depths:2)
  22 moths of wrath
  62 worldbinders (Abyss:1)
  3 frost giant zombies
  22 guardian serpents
  31 sixfirhies (Abyss:1)
  2 stone giant skeletons (Crypt:3)
  A dire elephant zombie (Abyss:1)
  8 elephants
  42 orange demons
  14 vault sentinels
  3 black mambas (shapeshifter)
  17 naga magi
  A guardian serpent (shapeshifter) (WizLab)
  12 rust devils (Abyss:1)
  32 apocalypse crabs (Abyss:1)
  9 fire giant skeletons (Crypt:3)
  5 torpor snails
  3 centaur zombies
  81 smoke demons
  A frost giant skeleton (Abyss:1)
  32 black mambas
  A storm dragon simulacrum (Abyss:1)
  The ghost of alcopop the Poker, a novice FoFi (D:9)
  19 spiny frogs
  2 torpor snails (shapeshifter)
  6 gargoyles
  3 dire elephant skeletons
  5 eyes of devastation
  3 komodo dragons (shapeshifter)
  2 shock serpent skeletons (Abyss:1)
  3 centaur skeletons
  7 kobold demonologists
  59 yaktaurs
  5 hellions (Abyss:1)
  3 spiny frogs (shapeshifter) (WizLab)
  2 yaktaurs (shapeshifter)
  23 freezing wraiths
  A rime drake (shapeshifter) (WizLab)
  9 tormentors (Abyss:1)
  A swamp worm zombie (Crypt:1)
  3 rime drakes
  91 ancient zymes (Abyss:1)
  8 demonic crawlers (Abyss:1)
  15 efreet
  31 hellwings
  7 red devils
  6 ice devils
  7 komodo dragons
  2 silent spectres (Abyss:1)
  11 guardian mummies (Tomb:1)
  An entropy weaver zombie (Crypt:2)
  A queen bee (shapeshifter) (WizLab)
  18 two-headed ogres
  An iron troll skeleton (Crypt:2)
  A hydra zombie (Abyss:1)
  2 polar bears (shapeshifter)
  2 tengu conjurers
  2 jumping spiders (shapeshifter)
  A jumping spider (Depths:2)
  5 wind drakes (Depths:5)
  A minotaur skeleton (Abyss:1)
  10 trolls
  2 wind drakes (shapeshifter)
  A raiju (shapeshifter) (WizLab)
  A troll (shapeshifter) (WizLab)
  A shadow dragon simulacrum (Abyss:1)
  11 giant leeches
  2 ushabtiu (Crypt:3)
  A harpy skeleton (Abyss:1)
  3 polar bears (Elf:1)
  An ice dragon zombie (Abyss:1)
  34 blink frogs
  10 boulder beetles
  85 slime creatures
  2 ettin zombies (Abyss:1)
  178 raiju
  A stone giant simulacrum (Abyss:1)
  15 bog bodies
  4 hydra skeletons
  A snapping turtle (shapeshifter) (WizLab)
  A fire dragon zombie (Abyss:1)
  A fire giant simulacrum (Abyss:1)
  An iron dragon simulacrum (Abyss:1)
  Sigmund (D:2)
  A frost giant simulacrum (Abyss:1)
  A tarantella (shapeshifter) (WizLab)
  2 dire elephant simulacra (Abyss:1)
  67 flying skulls
  An ettin skeleton (Abyss:1)
  6 air elementals
  16 shadows
  8 vampires (Abyss:1)
  16 redbacks
  A redback (shapeshifter) (Elf:3)
  9 spriggans
  5 water elementals
  342 small abominations
  11 fire dragon skeletons
  83 ynoxinuls
  43 yaks
  2 tarantellas
  33 wraiths
  8 wyverns
  A black mamba skeleton (Crypt:2)
  4 yaks (shapeshifter)
  An alligator skeleton (Abyss:1)
  2 hogs (shapeshifter) (WizLab)
  50 fire bats (Abyss:1)
  A basilisk (shapeshifter) (Vaults:5)
  8 hippogriffs
  29 golden eyes
  6 basilisks
  23 fire elementals
  18 hungry ghosts
  3 golden eyes (shapeshifter) (WizLab)
  37 vampire mosquitoes
  71 neqoxecs (Abyss:1)
  A wind drake skeleton (Crypt:1)
  2 human simulacra (Vaults:3)
  2 mottled dragons (Vaults:1)
  A hippogriff (shapeshifter) (Abyss:1)
  48 chaos spawn (Abyss:1)
  8 wargs
  23 swamp worms
  274 large abominations
  61 nagas
  6 soldier ants (Lair:5)
  A soldier ant (shapeshifter) (WizLab)
  A swamp worm (shapeshifter) (Vaults:5)
  53 insubstantial wisps
  A hell hound (shapeshifter) (Abyss:1)
  49 spatial vortices
  9 porcupines
  2 water moccasins (shapeshifter)
  24 water moccasins
  A giant eyeball (shapeshifter) (D:13)
  A torturous demonspawn skeleton (Crypt:2)
  31 hell hounds (Abyss:1)
  18 swamp drakes
  A black bear (shapeshifter) (Abyss:1)
  2 giant eyeballs (WizLab)
  An ice beast (shapeshifter) (Vaults:4)
  2 ice dragon simulacra (Abyss:1)
  31 orc warriors
  17 ice beasts
  A tengu (shapeshifter) (WizLab)
  3 black bears
  2 phantoms
  6 sky beasts
  24 wasps
  A black mamba simulacrum (Abyss:1)
  2 necrophages
  42 ogres
  A snapping turtle zombie (Abyss:1)
  22 wolves
  16 eyes of draining
  An ogre (shapeshifter) (Abyss:1)
  12 boggarts
  An eye of draining (shapeshifter) (WizLab)
  13 centaurs
  15 crocodiles
  3 manticore skeletons (Abyss:1)
  2 snapping turtle skeletons (Abyss:1)
  A crocodile (shapeshifter) (Abyss:1)
  A swamp dragon skeleton (Abyss:1)
  7 big kobolds
  A fire crab zombie (Crypt:2)
  5 gnoll sergeants
  A salamander skeleton (Crypt:1)
  15 giant frogs
  A wyvern zombie (D:12)
  6 earth elementals
  An elf skeleton (Crypt:2)
  A spiny frog simulacrum (Abyss:1)
  2 scorpions
  A komodo dragon skeleton (Crypt:2)
  A troll zombie (Crypt:1)
  A snapping turtle simulacrum (Abyss:1)
  A spriggan zombie (Abyss:1)
  6 killer bees (D:12)
  A hippogriff skeleton (Crypt:2)
  22 wights
  6 howler monkeys
  A troll skeleton (Abyss:1)
  18 vampire bats
  6 electric eels
  20 crimson imps
  24 jellies
  56 quasits
  2 giant frog zombies (D:12)
  6 hounds
  12 orc priests
  3 human zombies (Crypt:1)
  2 giant frog skeletons
  46 iron imps
  4 human skeletons
  Natasha (D:2)
  21 orc wizards
  3 hell rats
  29 worker ants
  11 iguanas
  23 sheep
  A big kobold zombie (Crypt:1)
  A naga zombie (Crypt:1)
  2 naga skeletons (Abyss:1)
  A hound zombie (D:5)
  30 mummies
  2 hound skeletons (D:10)
  A howler monkey skeleton (Crypt:2)
  15 gnolls
  64 river rats
  32 adders
  22 shadow imps
  55 white imps
  60 ufetubi
  An ooze (D:4)
  2 adder zombies
  An iguana zombie (Crypt:1)
  A dart slug (D:3)
  21 worms
  3 giant geckos
  71 orcs
  10 spectral bats (Abyss:1)
  17 bats
  5 giant cockroaches
  8 goblins
  5 hobgoblins
  6 jackals
  6 quokkas
  2 ball pythons (Lair:5)
  9 bat simulacra (Abyss:1)
  A giant gecko zombie (D:5)
  6 giant newts
  A gnoll skeleton (Crypt:1)
  A hobgoblin skeleton (Crypt:1)
  A jackal zombie (D:8)
  19 kobolds
  An orc skeleton (Abyss:1)
  2 quokka skeletons
  2 rats
  4 briar patches
  4 crawling corpses
  A lost soul (Crypt:3)
  12 lurking horrors (Abyss:1)
  3 plants
  116 starspawn tentacles (Abyss:1)
  A starspawn tentacle segment (Abyss:1)
  2 tentacles (Abyss:1)
6379 creatures vanquished.

Vanquished Creatures (collateral kills)
  4 bone dragons (Abyss:1)
  A profane servitor (Abyss:1)
  An electric golem (Zot:5)
  2 tentacled monstrosities
  2 Orb Guardians (Zot:5)
  4 liches
  3 tentacled starspawn (Abyss:1)
  A titan (Vaults:5)
  2 sphinxes (Tomb:1)
  3 acid blobs (Slime:6)
  3 thorn hunters
  2 death cobs (Zot:1)
  2 storm dragons (Zot:1)
  A tengu reaver (Depths:3)
  Kirke (Swamp:2)
  2 azure jellies (Slime:6)
  5 greater nagas
  A shadow dragon (Vaults:5)
  A draconian knight (Zot:2)
  A ghost moth (Zot:5)
  A deep elf sorcerer (Vaults:5)
  A balrug (Abyss:1)
  2 vault wardens
  A draconian zealot (Zot:5)
  2 draconian shifters
  An ironheart preserver (Vaults:4)
  A cacodemon (Abyss:1)
  2 reapers (Abyss:1)
  A draconian caller (Zot:5)
  6 very ugly things
  A stone giant (Vaults:5)
  A black draconian (Zot:2)
  A dire elephant (Abyss:3)
  2 yellow draconians
  2 deep elf annihilators
  A red draconian (Depths:5)
  A purple draconian (Zot:2)
  A spark wasp (Depths:2)
  Snorg (D:13)
  2 fire dragons
  A green death (D:1)
  2 deep elf death magi
  4 vault guards
  A yaktaur captain (Vaults:5)
  A jiangshi (Depths:1)
  2 rakshasas (Abyss:1)
  A hydra (Lair:6)
  3 anacondas (Snake:4)
  2 naga warriors
  2 ogre magi
  An alligator (Swamp:4)
  2 deep troll earth magi (Depths:1)
  A tengu warrior (D:13)
  5 death yaks
  2 hell hogs (Abyss:1)
  A deep troll shaman (Vaults:2)
  A thrashing horror (Abyss:1)
  4 deep elf knights
  2 naga sharpshooters
  A soul eater (Vaults:3)
  2 spriggan berserkers
  A spatial maelstrom (Abyss:1)
  2 skeletal warriors
  2 hell knights (Abyss:1)
  A quicksilver dragon simulacrum (Abyss:1)
  3 death scarabs (Tomb:1)
  A deep elf archer (Vaults:1)
  A sea snake (shapeshifter) (WizLab)
  3 naga ritualists
  A flayed ghost (Vaults:1)
  3 deep trolls (Vaults:3)
  A giant orange brain (Abyss:1)
  8 large abominations
  2 swamp dragons
  A wolf spider (Vaults:4)
  5 hill giants
  3 phantasmal warriors
  An orc sorcerer (Orc:2)
  An orc knight (Vaults:5)
  5 ugly things
  A griffon (Vaults:4)
  2 wizards
  A sixfirhy (Abyss:1)
  A salamander (Snake:2)
  An elephant (Lair:2)
  A manticore (D:11)
  9 deep elf magi
  A worldbinder (Abyss:1)
  The ghost of CrazyKiwi the Skirmisher, a novice MiFi of Makhleb (D:4)
  2 guardian serpents
  2 black mambas
  An eye of devastation (Slime:4)
  A centaur zombie (D:15)
  3 spiny frogs
  An orange demon (Abyss:1)
  A torpor snail (Lair:8)
  A smoke demon (Abyss:1)
  A centaur skeleton (D:10)
  A komodo dragon (Lair:2)
  A kobold demonologist (D:11)
  3 yaktaurs
  A freezing wraith (Crypt:2)
  A hellwing (Abyss:1)
  An ancient zyme (Abyss:1)
  A troll (D:11)
  A wind drake (shapeshifter) (WizLab)
  6 raiju (Abyss:1)
  5 two-headed ogres
  11 slime creatures
  2 bog bodies
  A blink frog (Lair:3)
  A flying skull (Abyss:1)
  14 yaks
  2 ynoxinuls (Abyss:1)
  A shadow (D:15)
  2 water elementals
  A vampire (D:10)
  3 spriggans
  A fire bat (Abyss:1)
  A chaos spawn (Abyss:1)
  A hippogriff (Lair:8)
  8 vampire mosquitoes
  A neqoxec (Abyss:1)
  A hungry ghost (D:10)
  A warg (Orc:2)
  A soldier ant (Lair:5)
  A naga (Snake:4)
  A spatial vortex (Abyss:1)
  Duvessa (D:6)
  An insubstantial wisp (Abyss:1)
  2 porcupines
  The ghost of CrazyKiwi the Grasshopper, an amateur SpWr of Nemelex Xobeh (D:3)
  6 orc warriors
  An ice beast (D:13)
  A sky beast (D:7)
  2 swamp drakes
  3 water moccasins
  A black bear (shapeshifter) (D:13)
  3 wasps
  A wolf (Lair:7)
  4 ogres
  A crocodile (D:14)
  A centaur (D:7)
  5 small abominations
  3 giant frogs
  A gnoll sergeant (D:11)
  A scorpion (D:4)
  Dowan (D:6)
  2 vampire bats (Lair:7)
  An electric eel (D:13)
  A spriggan skeleton (Abyss:1)
  2 crimson imps (Abyss:1)
  24 starcursed masses (Abyss:1)
  A quasit (Abyss:1)
  A jelly (Slime:6)
  2 orc priests (Orc:2)
  5 orc wizards
  An iguana (Lair:2)
  An iron imp (Abyss:1)
  Jessica (D:2)
  3 hell rats (Lair:7)
  8 worker ants (Lair:5)
  A mummy (Tomb:1)
  A gnoll (Orc:2)
  An adder (Lair:8)
  7 river rats
  A shadow imp (Abyss:1)
  An ufetubus (Abyss:1)
  7 orcs
  3 jackals
  3 kobolds (D:11)
  A rat (D:2)
  3 briar patches (Swamp:1)
  A crawling corpse (Elf:3)
  2 plants (Lair:8)
  9 starspawn tentacles (Abyss:1)
  A tentacle (Abyss:1)
401 creatures vanquished.

Vanquished Creatures (others)
  Vashnia (Snake:2)
  A lich (Tomb:1)
  2 deep elf elementalists
  Nessos (Lair:7)
  A yaktaur captain (Depths:2)
  A naga warrior (Snake:4)
  A hydra (Swamp:4)
  A dancing weapon (Elf:2)
  A hell hog (Abyss:1)
  3 naga sharpshooters
  A vampire mage (Depths:3)
  Sonja (D:14)
  A thrashing horror (Abyss:1)
  2 deep elf knights
  A death scarab (Tomb:1)
  2 deep elf archers
  2 moths of wrath (Zot:5)
  An orc sorcerer (Elf:2)
  A yaktaur (Depths:4)
  A harpy skeleton (Tomb:1)
  A bog body (Crypt:3)
  3 raiju (Abyss:1)
  3 humans (Swamp:2)
  A fire bat (Abyss:1)
  7 golden eyes (Abyss:1)
  A chaos spawn (Abyss:1)
  A naga (Abyss:1)
  2 giant eyeballs (WizLab)
  A swamp drake (Swamp:4)
  An ogre (Vaults:1)
  A boggart (Depths:1)
  6 small abominations (Abyss:1)
  A crimson imp (Abyss:1)
  2 starcursed masses (Abyss:1)
  An iron imp (Abyss:1)
  A hell rat (Lair:7)
  3 mummies
  4 white imps (Abyss:1)
  An ufetubus (Abyss:1)
  5 orcs
  A jackal (D:5)
  A kobold (Vaults:3)
  5 bushes
  A crawling corpse (Elf:3)
  A fire vortex (Vaults:2)
  31 fungi
  5 lost souls
  13 lurking horrors (Abyss:1)
  30 plants
  192 starspawn tentacles (Abyss:1)
  1657 starspawn tentacle segments (Abyss:1)
  6 tentacles (Abyss:1)
  566 tentacle segments (Abyss:1)
  48 withered plants (Crypt:3)
2629 creatures vanquished.

Grand Total: 9409 creatures vanquished

Notes
Turn   | Place    | Note
--------------------------------------------------------------
     0 | D:1      | Senshi the Demonspawn Gladiator began the quest for the Orb.
     0 | D:1      | Reached XP level 1. HP: 16/16 MP: 1/1
   179 | D:1      | Gained mutation: A weak demonic guardian rushes to your aid. [demonic ancestry]
   179 | D:1      | Reached XP level 2. HP: 21/23 MP: 2/2
   765 | D:2      | Noticed Jessica
   770 | D:2      | Killed Jessica
   770 | D:2      | Gained mutation: Your movements are slightly less encumbered by armour. (ER -2) [demonic ancestry]
   770 | D:2      | Reached XP level 3. HP: 12/28 MP: 3/3
  1248 | D:2      | Noticed Sigmund
  1264 | D:2      | Killed Sigmund
  1264 | D:2      | Gained mutation: You have sharp fingernails. [demonic ancestry]
  1264 | D:2      | Reached XP level 4. HP: 10/37 MP: 4/4
  1264 | D:2      | Gained mutation: Your movements are less encumbered by armour. (ER -4) [demonic ancestry]
  1264 | D:2      | Reached XP level 5. HP: 11/42 MP: 5/5
  1757 | D:2      | Reached skill level 5 in Maces & Flails
  2017 | D:2      | Gained mutation: A demonic guardian rushes to your aid. [demonic ancestry]
  2017 | D:2      | Reached XP level 6. HP: 48/48 MP: 6/6
  2038 | D:2      | Noticed Natasha
  2044 | D:2      | Killed Natasha
  2562 | D:3      | Found a stormy altar of Qazlal.
  2596 | D:3      | Noticed CrazyKiwi's ghost (amateur SpWr)
  2603 | D:3      | Killed CrazyKiwi's ghost
  3528 | D:4      | Noticed CrazyKiwi's ghost (novice MiFi)
  3710 | D:4      | Killed CrazyKiwi's ghost
  3710 | D:4      | Reached skill level 5 in Fighting
  3710 | D:4      | Gained mutation: Your movements are significantly less encumbered by armour. (ER -6) [demonic ancestry]
  3710 | D:4      | Reached XP level 7. HP: 53/56 MP: 7/7
  4096 | D:4      | Found a shadowy altar of Dithmenos.
  4118 | D:4      | Found a hazy altar of Hepliaklqana.
  4118 | D:4      | Found an oddly glowing altar of Pakellas.
  4118 | D:4      | Found a blossoming altar of Fedhas.
  4124 | D:4      | Found a burning altar of Makhleb.
  4124 | D:4      | Found a shattered altar of Ashenzari.
  4237 | D:5      | Entered Level 5 of the Dungeon
  4575 | D:5      | Found a staircase to the Ecumenical Temple.
  4741 | D:5      | Gained mutation: You have very sharp fingernails. [demonic ancestry]
  4741 | D:5      | Reached XP level 8. HP: 60/64 MP: 8/8
  4905 | D:5      | Found a shimmering altar of Xom.
  4959 | D:5      | Reached skill level 1 in Unarmed Combat
  5227 | D:6      | Found a glowing silver altar of Zin.
  5697 | D:6      | Noticed Dowan
  5698 | D:6      | Noticed Duvessa
  5703 | D:6      | Killed Dowan
  5709 | D:6      | Killed Duvessa
  6392 | Temple   | Entered the Ecumenical Temple
  6709 | Temple   | Became a worshipper of Warmaster Okawaru
  6844 | D:7      | Reached skill level 5 in Unarmed Combat
  6851 | D:7      | Reached XP level 9. HP: 24/72 MP: 9/9
  7267 | D:7      | Found Kehon's Food Emporium.
  7339 | D:7      | Reached * piety under Okawaru
  8077 | D:8      | Reached ** piety under Okawaru
  8208 | D:8      | Got a shimmering brass amulet
  8223 | D:8      | Found Giogot's Armour Shoppe.
  8599 | D:7      | HP: 2/75 [poisoned by a gnoll sergeant]
  8837 | D:7      | Identified the amulet "Efruobeygi" {Reflect rElec MR+ Str+5 SH+4} (You found it on level 8 of the Dungeon)
  8884 | D:7      | HP: 3/75 [poisoned by a gnoll sergeant]
  8891 | D:7      | HP: 2/75 [poisoned by a gnoll sergeant]
  8898 | D:7      | HP: 1/75 [poisoned by a gnoll sergeant]
  8906 | D:7      | HP: 1/75 [poisoned by a gnoll sergeant]
  9568 | D:9      | Gained mutation: Your flesh is cold resistant. (rC+) [demonic ancestry]
  9568 | D:9      | Reached XP level 10. HP: 56/82 MP: 10/10
  9685 | D:9      | Noticed alcopop's ghost (novice FoFi)
  9854 | D:9      | Found a glowing silver altar of Zin.
  9854 | D:9      | Found a white marble altar of Elyvilon.
  9855 | D:9      | Found a glowing golden altar of the Shining One.
 10078 | D:9      | Killed alcopop's ghost
 10239 | D:9      | Noticed a wizard
 10244 | D:9      | Killed a wizard
 10253 | D:9      | Noticed a large abomination
 10253 | D:9      | Noticed a large abomination
 10253 | D:9      | Noticed a large abomination
 10265 | D:9      | Killed a large abomination
 10265 | D:9      | Reached *** piety under Okawaru
 10270 | D:9      | Killed a large abomination
 10286 | D:9      | Killed a large abomination
 10694 | D:9      | Reached **** piety under Okawaru
 10714 | D:9      | Reached skill level 10 in Unarmed Combat
 11161 | D:10     | Entered Level 10 of the Dungeon
 11189 | D:10     | Noticed a hill giant
 11194 | D:10     | Reached skill level 1 in Armour
 11198 | D:10     | Killed a hill giant
 11290 | D:10     | Noticed a hill giant
 11297 | D:10     | Killed a hill giant
 11601 | D:10     | Found Boxkal's Antique Weapon Emporium.
 11662 | D:10     | Found a staircase to the Lair.
 11670 | D:10     | Reached ***** piety under Okawaru
 11885 | D:10     | Noticed a hill giant
 11891 | D:10     | Killed a hill giant
 11903 | D:10     | Reached XP level 11. HP: 90/90 MP: 11/11
 11981 | D:10     | Reached skill level 10 in Fighting
 12083 | D:10     | Noticed a hill giant
 12088 | D:10     | Killed a hill giant
 12088 | D:10     | Received a gift from Okawaru
 12633 | D:11     | Killed an unseen horror
 12947 | D:11     | Received a gift from Okawaru
 13562 | D:11     | Reached skill level 5 in Dodging
 13585 | D:11     | Found a staircase to the Orcish Mines.
 14558 | D:12     | Received a gift from Okawaru
 14570 | D:12     | Identified a +2 pair of boots of running (Okawaru gifted it to you on level 12 of the Dungeon)
 14623 | D:12     | Reached skill level 5 in Armour
 14857 | D:12     | Killed an unseen horror
 15266 | D:12     | Gained mutation: You are robust. (+10% HP) [demonic ancestry]
 15266 | D:12     | Reached XP level 12. HP: 63/107 MP: 12/12
 15809 | D:12     | Received a gift from Okawaru
 16431 | D:13     | Found a gate to the Vaults.
 16432 | D:13     | Noticed an ogre mage
 16473 | D:13     | Killed an ogre mage
 16650 | D:13     | You fall through a shaft for 2 floors!
 16650 | D:15     | Entered Level 15 of the Dungeon
 16666 | D:15     | Noticed a centaur warrior
 16670 | D:15     | Killed a centaur warrior
 16670 | D:15     | Reached ****** piety under Okawaru
 16743 | D:14     | Received a gift from Okawaru
 17082 | D:14     | Found a sacrificial altar of Ru.
 17105 | D:14     | Noticed a centaur warrior
 17108 | D:14     | Noticed a centaur warrior
 17116 | D:14     | Killed a centaur warrior
 17135 | D:14     | Killed a centaur warrior
 17427 | D:14     | Noticed a fire dragon
 17435 | D:14     | Killed a fire dragon
 17435 | D:14     | Received a gift from Okawaru
 18060 | D:14     | Noticed Sonja
 18067 | D:14     | Killed Sonja
 18145 | D:14     | Reached skill level 10 in Dodging
 18148 | D:14     | Gained mutation: You have claws for hands. [demonic ancestry]
 18148 | D:14     | Reached XP level 13. HP: 50/114 MP: 10/13
 18559 | D:14     | Found Mahorom's Gadget Shop.
 18754 | D:14     | Reached skill level 1 in Invocations
 18829 | D:13     | Found Tayseumm's Antique Weapon Shop.
 18853 | D:13     | Noticed Snorg
 18855 | D:13     | Noticed a frost giant
 18865 | D:13     | Killed Snorg
 18867 | D:13     | Noticed a deep elf annihilator
 18889 | D:13     | Killed a deep elf annihilator
 18907 | D:13     | Killed a frost giant
 18907 | D:13     | Reached skill level 10 in Armour
 18908 | D:13     | Received a gift from Okawaru
 18933 | D:13     | Reached skill level 5 in Invocations
 20336 | Lair:1   | Entered Level 1 of the Lair of Beasts
 20438 | Lair:1   | Received a gift from Okawaru
 21453 | Lair:2   | Received a gift from Okawaru
 21478 | Lair:2   | Noticed Harold
 21512 | Lair:2   | Killed Harold
 22234 | Lair:3   | Noticed Urug
 22246 | Lair:3   | Killed Urug
 22561 | Lair:3   | Gained mutation: You are immune to freezing clouds. [demonic ancestry]
 22561 | Lair:3   | Reached XP level 14. HP: 124/124 MP: 21/21
 22583 | Lair:3   | Noticed Rupert
 22597 | Lair:3   | Killed Rupert
 22597 | Lair:3   | Reached skill level 10 in Invocations
 24308 | Lair:4   | Reached skill level 5 in Throwing
 24311 | Lair:4   | Received a gift from Okawaru
 24640 | Lair:4   | You fall through a shaft for 3 floors!
 25036 | Lair:6   | Found a runed door.
 25036 | Lair:6   | Found a viscous altar of Jiyva.
 25036 | Lair:6   | Found a staircase to the Slime Pits.
 25036 | Lair:6   | Noticed an acid blob
 25036 | Lair:6   | Noticed an acid blob
 25926 | Lair:6   | Identified 3 scrolls of acquirement
 25930 | Lair:6   | Got a tiger eye-encrusted crystal plate armour
 25941 | Lair:6   | Identified the +5 crystal plate armour of the Beekeeper {rC- MR++ MP+9 Stlth+} (You acquired it on level 6 of the Lair of Beasts)
 26252 | Lair:7   | Noticed Nessos
 26254 | Lair:7   | Received a gift from Okawaru
 26270 | Lair:7   | Killed Nessos
 26270 | Lair:7   | Reached skill level 10 in Throwing
 26727 | Lair:7   | Received a gift from Okawaru
 27150 | Lair:8   | Entered Level 8 of the Lair of Beasts
 27599 | Lair:8   | Received a gift from Okawaru
 27697 | Lair:8   | Found a runed door.
 27749 | Lair:8   | Received a gift from Okawaru
 27781 | Lair:8   | Got a translucent shield {god gift}
 27787 | Lair:8   | Identified the +2 shield "Vaaser" {+Inv} (Okawaru gifted it to you on level 8 of the Lair of Beasts)
 27814 | Lair:8   | Gained mutation: You are very robust. (+20% HP) [demonic ancestry]
 27814 | Lair:8   | Reached XP level 15. HP: 125/144 MP: 22/22
 28747 | Lair:5   | Found a staircase to the Snake Pit.
 28975 | Lair:5   | Found a staircase to the Swamp.
 29317 | Lair:5   | Received a gift from Okawaru
 30366 | D:15     | Found a staircase to the Depths.
 30572 | Orc:1    | Entered Level 1 of the Orcish Mines
 30572 | Orc:1    | Found Quaw's Antique Armour Shoppe.
 30659 | Orc:1    | Found a roughly hewn altar of Beogh.
 30877 | Orc:2    | Entered Level 2 of the Orcish Mines
 31270 | Orc:2    | Noticed an orc warlord
 31299 | Orc:1    | Killed an orc warlord
 31616 | Orc:2    | Found a roughly hewn altar of Beogh.
 31620 | Orc:2    | Found Xisatocu's General Store.
 31665 | Orc:2    | Found a staircase to the Elven Halls.
 31689 | Orc:2    | Noticed Josephine
 31696 | Orc:2    | Killed Josephine
 31899 | Orc:2    | Noticed Sixotanaka's ghost (journeyman HESk)
 31919 | Orc:2    | Killed Sixotanaka's ghost
 32002 | Orc:2    | Found Arisayd's Book Shop.
 32016 | Orc:2    | Found Xacaaxku's Antique Weapon Shop.
 32033 | Orc:2    | Found Xarauvua's Antique Armour Shop.
 32339 | Swamp:1  | Entered Level 1 of the Swamp
 33157 | Swamp:1  | Received a gift from Okawaru
 33437 | Swamp:1  | Noticed a thorn hunter
 33448 | Swamp:1  | Killed a thorn hunter
 33448 | Swamp:1  | Gained mutation: A meltable icy envelope protects you from harm (AC +10). [demonic ancestry]
 33448 | Swamp:1  | Reached XP level 16. HP: 59/154 MP: 23/23
 33953 | Swamp:2  | Noticed Kirke
 33971 | Swamp:2  | Killed Kirke
 34072 | Swamp:2  | Noticed a thorn hunter
 34083 | Swamp:2  | Killed a thorn hunter
 34411 | Swamp:2  | Noticed a thorn hunter
 34429 | Swamp:2  | Killed a thorn hunter
 35880 | Swamp:3  | Received a gift from Okawaru
 35951 | Swamp:4  | Entered Level 4 of the Swamp
 35970 | Swamp:4  | Noticed a thorn hunter
 36368 | Swamp:4  | Killed a thorn hunter
 37552 | Swamp:4  | Received a gift from Okawaru
 38197 | Swamp:4  | Noticed the 27-headed Lernaean hydra
 38232 | Swamp:4  | Killed the 26-headed Lernaean hydra
 38452 | Swamp:4  | Got a decaying rune of Zot
 38625 | Swamp:4  | Noticed a thorn hunter
 38642 | Swamp:4  | Killed a thorn hunter
 38877 | Swamp:4  | Reached XP level 17. HP: 165/165 MP: 24/24
 39242 | Elf:1    | Entered Level 1 of the Elven Halls
 40234 | Elf:1    | Received a gift from Okawaru
 41220 | Elf:1    | Reached skill level 15 in Unarmed Combat
 41352 | Elf:1    | Got a spiked helmet
 41371 | Elf:1    | Identified the +1 helmet of the Armadillo {*Confuse rPois Str+2 Dex+3} (You found it on level 1 of the Elven Halls)
 41964 | Elf:2    | Found a runed gate.
 41964 | Elf:2    | Found a runed gate.
 41964 | Elf:2    | Found a runed gate.
 41995 | Elf:2    | Identified a +1 rod of ignition (10/10) (You took it off a deep elf mage on level 1 of the Elven Halls)
 42065 | Elf:2    | Noticed Louise
 42085 | Elf:2    | Killed Louise
 42398 | Elf:2    | Noticed a deep elf blademaster
 42409 | Elf:2    | Killed a deep elf blademaster
 42409 | Elf:2    | Reached XP level 18. HP: 149/176 MP: 25/25
 42549 | Elf:1    | Received a gift from Okawaru
 42732 | Snake:1  | Entered Level 1 of the Snake Pit
 42950 | Snake:1  | Received a gift from Okawaru
 43504 | Snake:2  | Noticed Frances
 43504 | Snake:2  | Noticed Vashnia
 43741 | Snake:2  | Killed Frances
 43748 | Snake:2  | Killed Vashnia
 44556 | Snake:3  | Reached skill level 15 in Fighting
 44798 | Snake:3  | Found Duhif's Antique Weapon Emporium.
 45442 | Snake:4  | Entered Level 4 of the Snake Pit
 45442 | Snake:4  | Noticed ereinion's ghost (adept HEWz)
 45602 | Snake:4  | Killed ereinion's ghost
 45602 | Snake:4  | Received a gift from Okawaru
 46265 | Snake:4  | Reached XP level 19. HP: 71/186 MP: 26/26
 46490 | Snake:4  | Received a gift from Okawaru
 46974 | Snake:4  | Gained mutation: You have supernaturally acute eyesight. (SInv) [potion of beneficial mutation]
 47152 | Snake:4  | Got a serpentine rune of Zot
 47669 | Vaults:1 | Entered Level 1 of the Vaults
 48781 | Vaults:1 | Received a gift from Okawaru
 48782 | Vaults:1 | Got a slimy executioner's axe {god gift}
 48788 | Vaults:1 | Identified the +9 executioner's axe "Goblinbane" {flame, -Tele MR+ Str+3 Int+3} (Okawaru gifted it to you on level 1 of the Vaults)
 49457 | Vaults:2 | Received a gift from Okawaru
 49493 | Vaults:2 | Reached XP level 20. HP: 102/196 MP: 27/27
 49886 | Vaults:2 | Found Naduw's General Store.
 50016 | Vaults:2 | Received a gift from Okawaru
 50250 | Vaults:2 | Received a gift from Okawaru
 50399 | Vaults:2 | Reached skill level 15 in Dodging
 50842 | Vaults:2 | Noticed Mennas
 50857 | Vaults:2 | Killed Mennas
 50857 | Vaults:2 | Reached skill level 15 in Armour
 51146 | Vaults:3 | Found a staircase to the Crypt.
 51596 | Vaults:3 | Received a gift from Okawaru
 52105 | Vaults:3 | Noticed Frederick
 52106 | Vaults:3 | Noticed Agnes
 52124 | Vaults:3 | Killed Agnes
 52131 | Vaults:3 | Killed Frederick
 52225 | Vaults:3 | Received a gift from Okawaru
 52784 | Vaults:3 | Reached XP level 21. HP: 207/207 MP: 28/28
 53440 | Vaults:4 | Received a gift from Okawaru
 53762 | Vaults:4 | Found Lopnip's Gadget Shoppe.
 53777 | Vaults:4 | Bought a wand of hasting (6/9) for 780 gold pieces
 53803 | Vaults:4 | Found an oddly glowing altar of Pakellas.
 54022 | Vaults:4 | Noticed Jorgrun
 54030 | Vaults:4 | Killed Jorgrun
 54317 | Vaults:4 | Received a gift from Okawaru
 54577 | Depths:1 | Entered Level 1 of the Depths
 54577 | Depths:1 | Found a gateway to Hell.
 54769 | D:15     | Received a gift from Okawaru
 54894 | Depths:1 | Found Bailycai's Bounteous Boutique.
 54979 | Depths:1 | Got a warped emerald amulet
 54980 | Depths:1 | Identified the amulet "Morew" {Spirit rF++ rN++ Slay-6} (You acquired it on level 1 of the Depths)
 55286 | Depths:1 | Reached XP level 22. HP: 124/218 MP: 29/29
 55621 | Depths:1 | Found a glowing golden altar of the Shining One.
 56150 | Depths:1 | Found a corrupted altar of Lugonu.
 56151 | Depths:1 | Found a one-way gate to the infinite horrors of the Abyss.
 56251 | Depths:1 | Received a gift from Okawaru
 57502 | Depths:2 | Received a gift from Okawaru
 58986 | Depths:3 | Found a one-way gate leading to the halls of Pandemonium.
 59119 | Depths:3 | Received a gift from Okawaru
 59417 | Depths:3 | Gained mutation: You are extremely robust. (+30% HP) [demonic ancestry]
 59417 | Depths:3 | Reached XP level 23. HP: 222/249 MP: 30/30
 59605 | Depths:3 | Received a gift from Okawaru
 59720 | Depths:3 | Got a faintly glowing plate armour
 59721 | Depths:3 | Identified the +10 plate armour of Eternal Night {rPois} (You found it on level 3 of the Depths)
 60361 | Depths:4 | Found a magical portal.
 60393 | WizLab   | Entered Cigotuvi's Fleshworks
 60592 | WizLab   | Gained mutation: You are clumsy. (Dex -2) [a shining eye]
 60604 | WizLab   | Got a crude wooden ring
 60636 | WizLab   | Paralysed by a giant eyeball for 4 turns
 60689 | WizLab   | Received a gift from Okawaru
 60706 | WizLab   | Identified the Tome of Transformation
 60715 | WizLab   | Identified Cigotuvi's Grimoire of Necromancy
 61494 | Depths:4 | Gained mutation: You evolve. [potion of beneficial mutation]
 61663 | Depths:4 | Gained mutation: You have a pair of small antennae on your head. [evolution]
 61904 | Depths:4 | Lost mutation: You are clumsy. (Dex -2) [potion of cure mutation]
 61904 | Depths:4 | Lost mutation: You have supernaturally acute eyesight. (SInv) [potion of cure mutation]
 62071 | Depths:4 | Received a gift from Okawaru
 62237 | Depths:4 | Identified the ring of Yduasuakk {rF+ Dex+2 Slay+3} (You found it in a wizard's laboratory)
 62503 | Depths:4 | Received a gift from Okawaru
 62504 | Depths:4 | Got a dazzling greatsling {god gift}
 63164 | Orc:2    | Bought a book of Battle for 440 gold pieces
 63168 | Orc:2    | Learned a level 3 spell: Regeneration
 63493 | Depths:5 | Entered Level 5 of the Depths
 63923 | Depths:5 | Received a gift from Okawaru
 64157 | Depths:5 | Received a gift from Okawaru
 64247 | Depths:5 | Noticed Jory
 64266 | Depths:5 | Killed Jory
 64266 | Depths:5 | Received a gift from Okawaru
 64416 | Depths:5 | Reached XP level 24. HP: 116/259 MP: 30/30
 64845 | Depths:5 | Got a faintly glowing iron ring
 64847 | Depths:5 | Identified the cursed ring "Buril" {MR+ EV-5 Dex+2} (You took it off a red draconian on level 5 of the Depths)
 65360 | Depths:5 | Found a gate to the Realm of Zot.
 65685 | Depths:5 | Found a gateway to a ziggurat.
 66048 | Elf:3    | Entered Level 3 of the Elven Halls
 66782 | Elf:3    | Received a gift from Okawaru
 68137 | Elf:3    | Received a gift from Okawaru
 68195 | Elf:3    | Identified the Almanac of the Cloudy Snowflakes (You found it on level 3 of the Elven Halls)
 68202 | Elf:3    | Identified Behaip's Reference Book on the Cloudy Glacier (You found it on level 3 of the Elven Halls)
 68208 | Elf:3    | Identified Xoeps's Papyrus of Harmful Beguiling (You found it on level 3 of the Elven Halls)
 68267 | Elf:3    | Got a wavering tin ring
 68276 | Elf:3    | Identified Plog's Disquisition on the Lucky Mountains
 68293 | Elf:3    | Identified a +6 rod of inaccuracy (9/9) (You found it on level 3 of the Elven Halls)
 68298 | Elf:3    | Identified the cursed ring of Royalty {rElec EV-4} (You found it on level 3 of the Elven Halls)
 68718 | Slime:1  | Entered Level 1 of the Pits of Slime
 68725 | Slime:1  | Received a gift from Okawaru
 69138 | Slime:3  | Noticed Dissolution
 69146 | Slime:3  | Killed Dissolution
 69367 | Slime:4  | Gained mutation: Scrolls take you a little longer to read. [a shining eye]
 69778 | Slime:4  | Gained mutation: A powerful demonic guardian rushes to your aid. [demonic ancestry]
 69778 | Slime:4  | Reached XP level 25. HP: 232/271 MP: 30/30
 70087 | Slime:6  | Entered Level 6 of the Pits of Slime
 70383 | Slime:6  | Noticed the Royal Jelly
 70397 | Slime:6  | Killed the Royal Jelly
 70411 | Slime:6  | Lost mutation: You have a pair of small antennae on your head. [potion of cure mutation]
 70411 | Slime:6  | Lost mutation: You evolve. [potion of cure mutation]
 70411 | Slime:6  | Lost mutation: Scrolls take you a little longer to read. [potion of cure mutation]
 72080 | Slime:6  | Gained mutation: Scrolls take you a little longer to read. [a shining eye]
 72511 | Slime:6  | Received a gift from Okawaru
 72718 | Slime:6  | Got an ichor-stained buckler
 72729 | Slime:6  | Identified the cursed +0 buckler of the Comet {rPois SInv} (You found it on level 6 of the Pits of Slime)
 72797 | Slime:6  | Got a slimy rune of Zot
 72806 | Slime:6  | Got a slimy brass amulet
 72809 | Slime:6  | Identified the amulet "Citec" {Dismiss rF++ MR++ Str-5} (You found it on level 6 of the Pits of Slime)
 72863 | Slime:6  | Identified the Incunabulum of Bewitchment
 72878 | Slime:6  | Lost mutation: Scrolls take you a little longer to read. [potion of cure mutation]
 72879 | Slime:6  | Gained mutation: You are resistant to electric shocks. (rElec) [potion of beneficial mutation]
 72880 | Slime:6  | Gained mutation: You are agile. (Dex +2) [potion of beneficial mutation]
 73300 | Crypt:1  | Entered Level 1 of the Crypt
 73447 | Crypt:1  | Received a gift from Okawaru
 73476 | Crypt:1  | Noticed an ancient lich
 74224 | Crypt:1  | Found a basalt altar of Yredelemnul.
 74526 | Crypt:2  | Killed an ancient lich
 74542 | Crypt:2  | Received a gift from Okawaru
 74739 | Crypt:2  | Identified Ygux's Guide on Glacial Contamination
 74939 | Crypt:2  | Noticed Xtahua
 74948 | Crypt:2  | Killed Xtahua
 74954 | Crypt:2  | Noticed Wiglaf
 74993 | Crypt:2  | Killed Wiglaf
 75337 | Crypt:2  | Noticed a greater mummy
 75351 | Crypt:2  | Killed a greater mummy
 75603 | Crypt:2  | Noticed Khufu
 75614 | Crypt:2  | Killed Khufu
 76183 | Crypt:3  | Entered Level 3 of the Crypt
 77395 | Crypt:3  | Found an ancient bone altar of Kikubaaqudgha.
 77396 | Crypt:3  | Noticed an ancient lich
 77404 | Crypt:3  | Killed an ancient lich
 77572 | Crypt:3  | Noticed an ancient lich
 77585 | Crypt:3  | Killed an ancient lich
 77859 | Crypt:3  | Reached XP level 26. HP: 280/280 MP: 30/30
 78524 | Crypt:3  | Found a staircase to the Tomb.
 78621 | Crypt:3  | Received a gift from Okawaru
 79159 | Depths:1 | Voluntarily entered the Abyss.
 79329 | Abyss:1  | Found a corrupted altar of Lugonu.
 79730 | Abyss:1  | Paralysed by accursed screaming for 1 turns
 79809 | Abyss:1  | Received a gift from Okawaru
 80100 | Abyss:1  | Noticed an ancient lich
 80119 | Abyss:1  | Killed an ancient lich
 80222 | Abyss:2  | Found a hazy altar of Hepliaklqana.
 80328 | Abyss:3  | Found a corrupted altar of Lugonu.
 80332 | Abyss:3  | Got an abyssal rune of Zot
 80351 | Abyss:3  | Found a corrupted altar of Lugonu.
 80377 | Abyss:3  | Found a shimmering altar of Xom.
 80381 | Abyss:3  | Found a corrupted altar of Lugonu.
 80383 | Depths:1 | Escaped the Abyss
 80519 | Depths:1 | Voluntarily entered the Abyss.
 80573 | Abyss:1  | Reached skill level 1 in Shields
 80649 | Abyss:1  | Found a corrupted altar of Lugonu.
 80782 | Abyss:1  | Found a corrupted altar of Lugonu.
 80876 | Abyss:1  | Paralysed by accursed screaming for 2 turns
 80881 | Abyss:1  | Paralysed by accursed screaming for 2 turns
 80987 | Abyss:1  | Gained mutation: Your spells are a little easier to cast, but a little less powerful. [a neqoxec]
 80988 | Abyss:1  | Gained mutation: You occasionally shout uncontrollably at your foes. [a neqoxec]
 81034 | Abyss:1  | Reached skill level 5 in Shields
 81349 | Abyss:1  | Paralysed by accursed screaming for 1 turns
 81658 | Abyss:1  | Paralysed by accursed screaming for 1 turns
 82376 | Abyss:1  | Reached skill level 10 in Shields
 82745 | Abyss:1  | Gained mutation: Scrolls take you a little longer to read. [a neqoxec]
 82769 | Abyss:1  | Reached XP level 27. HP: 290/291 MP: 30/30
 83490 | Abyss:1  | Gained mutation: Your spells are easier to cast, but less powerful. [a shining eye]
 83797 | Abyss:1  | Received a gift from Okawaru
 84066 | Abyss:1  | Found a corrupted altar of Lugonu.
 84162 | Abyss:1  | Paralysed by accursed screaming for 1 turns
 84219 | Abyss:1  | Found a corrupted altar of Lugonu.
 84388 | Abyss:1  | Found a corrupted altar of Lugonu.
 84667 | Abyss:1  | Found a corrupted altar of Lugonu.
 85188 | Abyss:1  | Found a corrupted altar of Lugonu.
 85297 | Abyss:1  | Found a corrupted altar of Lugonu.
 85845 | Depths:1 | Escaped the Abyss
 86192 | Depths:1 | Voluntarily entered the Abyss.
 86197 | Abyss:1  | Found a corrupted altar of Lugonu.
 86768 | Abyss:1  | Found a corrupted altar of Lugonu.
 86953 | Abyss:1  | Gained mutation: You expend magic power (3 MP) to strengthen your wands. [a neqoxec]
 86955 | Abyss:1  | Gained mutation: You are weak. (Str -2) [a neqoxec]
 86971 | Abyss:1  | Gained mutation: Your magical capacity is low. (-10% MP) [a neqoxec]
 87170 | Depths:1 | Escaped the Abyss
 87747 | D:15     | Got a pitted hat {god gift}
 87753 | D:15     | Identified the +1 hat of the Abyss {Dex+3} (Okawaru gifted it to you on level 15 of the Dungeon)
 87819 | Depths:1 | Voluntarily entered the Abyss.
 87849 | Abyss:1  | Reached skill level 27 in Unarmed Combat
 87870 | Abyss:1  | Found a corrupted altar of Lugonu.
 88715 | Abyss:1  | Gained mutation: Scrolls take you longer to read. [a neqoxec]
 88843 | Abyss:1  | Found a corrupted altar of Lugonu.
 89166 | Abyss:1  | Received a gift from Okawaru
 89445 | Abyss:1  | Gained mutation: You tend to lose your temper in combat. [a cacodemon]
 89446 | Abyss:1  | Gained mutation: You often lose your temper in combat. [a cacodemon]
 90505 | Abyss:1  | Found a corrupted altar of Lugonu.
 91815 | Abyss:1  | Lost mutation: You are weak. (Str -2) [potion of cure mutation]
 91815 | Abyss:1  | Lost mutation: You often lose your temper in combat. [potion of cure mutation]
 91815 | Abyss:1  | Lost mutation: You occasionally shout uncontrollably at your foes. [potion of cure mutation]
 91815 | Abyss:1  | Lost mutation: You tend to lose your temper in combat. [potion of cure mutation]
 92068 | Abyss:1  | Gained mutation: Your magical capacity is very low. (-20% MP) [a neqoxec]
 92769 | Abyss:1  | Lost mutation: You are agile. (Dex +2) [a neqoxec]
 92773 | Abyss:1  | Gained mutation: You are clumsy. (Dex -2) [a neqoxec]
 93397 | Abyss:1  | Gained mutation: Your natural rate of healing is unusually fast. [a neqoxec]
 93399 | Abyss:1  | Gained mutation: Your body sometimes deteriorates upon taking damage. [a neqoxec]
 93419 | Abyss:1  | Paralysed by accursed screaming for 2 turns
 93857 | Abyss:1  | Received a gift from Okawaru
 94281 | Abyss:1  | Gained mutation: You tend to lose your temper in combat. [a neqoxec]
 94287 | Abyss:1  | Gained mutation: Your magical capacity is extremely low. (-30% MP) [a neqoxec]
 94307 | Abyss:1  | Gained mutation: You are weak. (Str -2) [a neqoxec]
 94360 | Abyss:1  | Found a corrupted altar of Lugonu.
 94509 | Abyss:1  | Reached skill level 1 in Charms
 94519 | Abyss:1  | Reached skill level 1 in Spellcasting
 94525 | Abyss:1  | Reached skill level 1 in Necromancy
 94746 | Abyss:1  | Got a glittering ivory ring
 94749 | Abyss:1  | Identified the ring "Olypugob" {rF+ MR+ MP+9 Str+3} (You found it on level 1 of the Abyss)
 95663 | Abyss:1  | Received a gift from Okawaru
 95663 | Abyss:1  | Reached skill level 5 in Necromancy
 95703 | Abyss:1  | Found a corrupted altar of Lugonu.
 96132 | Abyss:1  | Reached skill level 5 in Spellcasting
 96223 | Abyss:1  | Found a corrupted altar of Lugonu.
 96226 | Abyss:1  | Found a shattered altar of Ashenzari.
 96256 | Abyss:1  | Found a corrupted altar of Lugonu.
 96369 | Abyss:1  | Reached skill level 5 in Charms
 96388 | Abyss:1  | Received a gift from Okawaru
 96487 | Abyss:1  | Found a deep blue altar of Sif Muna.
 96571 | Abyss:1  | Found a deep blue altar of Sif Muna.
 96683 | Abyss:1  | Gained mutation: Potions and wands are less effective at restoring your health. [a neqoxec]
 96758 | Abyss:1  | Received a gift from Okawaru
 96942 | Abyss:1  | Found a corrupted altar of Lugonu.
 97120 | Abyss:1  | Found a corrupted altar of Lugonu.
 97522 | Abyss:1  | Received a gift from Okawaru
 98912 | Abyss:1  | Found a corrupted altar of Lugonu.
 99041 | Abyss:1  | Gained mutation: You often lose your temper in combat. [a neqoxec]
 99047 | Abyss:1  | Gained mutation: You are very clumsy. (Dex -4) [a neqoxec]
 99051 | Abyss:1  | Gained mutation: You are dopey. (Int -2) [a neqoxec]
 99223 | Abyss:1  | Reached skill level 10 in Charms
 99336 | Abyss:1  | Got a coiled iron ring
 99339 | Abyss:1  | Identified the ring of Qukh {-Tele rF+ Str+4 Dex+8 Slay-3} (You found it on level 1 of the Abyss)
 99385 | Abyss:1  | Found an opulent altar of Gozag.
100312 | Abyss:1  | Found a corrupted altar of Lugonu.
100412 | Abyss:1  | Found an opulent altar of Gozag.
100989 | Abyss:1  | Reached skill level 10 in Spellcasting
101280 | Abyss:1  | Gained mutation: You are occasionally teleported next to monsters. [a neqoxec]
101282 | Abyss:1  | Gained mutation: Armour fits poorly on your strangely shaped body. [a neqoxec]
101403 | Abyss:1  | Found a shimmering altar of Xom.
101594 | Abyss:1  | Paralysed by accursed screaming for 1 turns
101954 | Abyss:1  | Found a blossoming altar of Fedhas.
102024 | Abyss:1  | Found a blossoming altar of Fedhas.
102642 | Abyss:1  | Received a gift from Okawaru
102748 | Abyss:1  | Found a corrupted altar of Lugonu.
102916 | Depths:1 | Escaped the Abyss
103305 | Crypt:3  | Received a gift from Okawaru
103385 | Crypt:3  | Learned a level 6 spell: Deflect Missiles
103392 | Crypt:3  | Learned a level 6 spell: Haste
103687 | Depths:1 | Voluntarily entered the Abyss.
103863 | Abyss:1  | Reached skill level 1 in Air Magic
104323 | Abyss:1  | Found a corrupted altar of Lugonu.
104442 | Abyss:1  | Reached skill level 5 in Air Magic
104991 | Abyss:1  | Found a hazy altar of Hepliaklqana.
105079 | Abyss:1  | Found a corrupted altar of Lugonu.
105389 | Abyss:1  | Gained mutation: Your spells are much easier to cast, but much less powerful. [a shining eye]
105531 | Abyss:1  | Found a corrupted altar of Lugonu.
105588 | Abyss:1  | Found a corrupted altar of Lugonu.
105955 | Abyss:1  | Reached skill level 15 in Charms
106048 | Abyss:1  | Paralysed by accursed screaming for 1 turns
106338 | Abyss:1  | Received a gift from Okawaru
106419 | Abyss:1  | Found a corrupted altar of Lugonu.
106479 | Abyss:1  | Found a corrupted altar of Lugonu.
106905 | Abyss:1  | Found a corrupted altar of Lugonu.
106915 | Abyss:1  | Found a corrupted altar of Lugonu.
107083 | Abyss:1  | Received a gift from Okawaru
107086 | Abyss:1  | Noticed an ancient lich
107100 | Abyss:1  | Killed an ancient lich
107754 | Abyss:1  | Paralysed by you for 5 turns
108484 | Abyss:1  | Reached skill level 10 in Air Magic
108643 | Abyss:1  | Gained mutation: Scrolls take you much longer to read. [a neqoxec]
109484 | Depths:1 | Escaped the Abyss
109647 | Depths:1 | Voluntarily entered the Abyss.
109711 | Abyss:1  | Found a shadowy altar of Dithmenos.
109738 | Abyss:1  | Found a shadowy altar of Dithmenos.
109985 | Abyss:1  | Gained mutation: You are very dopey. (Int -4) [a neqoxec]
110044 | Abyss:1  | Found an iron altar of Okawaru.
110590 | Abyss:1  | Found an iron altar of Okawaru.
110903 | Abyss:1  | Paralysed by accursed screaming for 1 turns
110979 | Abyss:1  | Received a gift from Okawaru
111371 | Abyss:1  | Paralysed by accursed screaming for 1 turns
111439 | Abyss:1  | Found a shadowy altar of Dithmenos.
111762 | Abyss:1  | Paralysed by accursed screaming for 2 turns
111769 | Abyss:1  | Paralysed by accursed screaming for 1 turns
112214 | Abyss:1  | Found a corrupted altar of Lugonu.
112710 | Abyss:1  | Paralysed by accursed screaming for 1 turns
113743 | Abyss:1  | Found a roughly hewn altar of Beogh.
113937 | Abyss:1  | Received a gift from Okawaru
114327 | Abyss:1  | Reached skill level 15 in Air Magic
114499 | Abyss:1  | Found a snail-covered altar of Cheibriados.
114641 | Abyss:1  | Gained mutation: You are very weak. (Str -4) [a neqoxec]
114728 | Abyss:1  | Received a gift from Okawaru
114893 | Abyss:1  | Found a corrupted altar of Lugonu.
115489 | Abyss:1  | Found a snail-covered altar of Cheibriados.
117022 | Abyss:1  | Received a gift from Okawaru
117030 | Abyss:1  | Paralysed by accursed screaming for 1 turns
117037 | Abyss:1  | Paralysed by accursed screaming for 1 turns
117047 | Abyss:1  | Found a roughly hewn altar of Beogh.
117077 | Abyss:1  | Paralysed by accursed screaming for 1 turns
117742 | Abyss:1  | Lost mutation: Potions and wands are less effective at restoring your health. [a neqoxec]
117883 | Abyss:1  | Gained mutation: You have an uncontrollable temper. [a neqoxec]
118180 | Abyss:1  | Paralysed by a chaos spawn for 7 turns
119457 | Abyss:1  | Found a corrupted altar of Lugonu.
120212 | Abyss:1  | Received a gift from Okawaru
120371 | Depths:1 | Escaped the Abyss
120373 | Depths:1 | Lost mutation: You are very clumsy. (Dex -4) [potion of cure mutation]
120373 | Depths:1 | Lost mutation: Your spells are much easier to cast, but much less powerful. [potion of cure mutation]
120373 | Depths:1 | Lost mutation: You are very dopey. (Int -4) [potion of cure mutation]
120373 | Depths:1 | Lost mutation: You are clumsy. (Dex -2) [potion of cure mutation]
120678 | Vaults:5 | Entered Level 5 of the Vaults
120720 | Vaults:5 | Received a gift from Okawaru
120785 | Vaults:4 | Got a pair of jewelled boots
120789 | Vaults:4 | Identified the +2 pair of boots "Pigu" {rPois Str+2} (You acquired it on level 4 of the Vaults)
120799 | Vaults:4 | Got a blackened cloak
120803 | Vaults:4 | Identified the +1 cloak of the Good {+Blink MR+} (You acquired it on level 4 of the Vaults)
120898 | Vaults:5 | Noticed an ancient lich
120903 | Vaults:5 | Killed an ancient lich
121365 | Vaults:5 | Identified a +4 rod of clouds (14/14) (You found it on level 5 of the Vaults)
121374 | Vaults:5 | Got a pitted crystal plate armour
121382 | Vaults:5 | Identified the +9 crystal plate armour "Nigineer" {Dex+2 Stlth+} (You found it on level 5 of the Vaults)
121473 | Vaults:5 | Received a gift from Okawaru
121530 | Vaults:5 | Received a gift from Okawaru
122430 | Vaults:5 | Got a silver rune of Zot
123044 | Zot:1    | Entered Level 1 of the Realm of Zot
123487 | Zot:1    | Received a gift from Okawaru
123955 | Zot:1    | Received a gift from Okawaru
125409 | Zot:2    | Reached skill level 1 in Evocations
125678 | Zig:1    | Entered Level 1 of a ziggurat
125693 | Zig:2    | Entered Level 2 of a ziggurat
125693 | Zig:2    | Noticed Urirgh the pandemonium lord
125712 | Zig:2    | Killed Urirgh the pandemonium lord
125712 | Zig:2    | Reached skill level 5 in Evocations
125837 | Zig:3    | Entered Level 3 of a ziggurat
125976 | Zig:4    | Entered Level 4 of a ziggurat
126015 | Zig:4    | Lost mutation: Your magical capacity is extremely low. (-30% MP) [potion of cure mutation]
126015 | Zig:4    | Lost mutation: Your magical capacity is very low. (-20% MP) [potion of cure mutation]
126015 | Zig:4    | Lost mutation: You expend magic power (3 MP) to strengthen your wands. [potion of cure mutation]
126015 | Zig:4    | Lost mutation: You are resistant to electric shocks. (rElec) [potion of cure mutation]
126015 | Zig:4    | Lost mutation: Armour fits poorly on your strangely shaped body. [potion of cure mutation]
126036 | Zig:5    | Entered Level 5 of a ziggurat
126075 | Zig:5    | Identified the Collected Works on Ghastly Poisoning
126080 | Zig:5    | Got a distressingly furry cloak
126084 | Zig:5    | Identified the +2 cloak "Xyeguw" {rF+ MR++ rCorr SInv} (You found it on level 5 of a ziggurat)
126098 | Zig:6    | Entered Level 6 of a ziggurat
126103 | Zig:6    | Noticed a juggernaut
126104 | Zig:6    | Noticed a juggernaut
126114 | Zig:6    | Killed a juggernaut
126122 | Zig:6    | Killed a juggernaut
126416 | Zig:7    | Entered Level 7 of a ziggurat
126665 | Zig:8    | Entered Level 8 of a ziggurat
126670 | Zig:8    | Noticed Ohergh the pandemonium lord
126970 | Zot:2    | Received a gift from Okawaru
127453 | Zot:3    | Noticed an orb of fire
127454 | Zot:3    | Gained mutation: You expend magic power (3 MP) to strengthen your wands. [an orb of fire]
127456 | Zot:3    | Noticed an orb of fire
127456 | Zot:3    | Noticed an orb of fire
127456 | Zot:3    | Lost mutation: Your natural rate of healing is unusually fast. [an orb of fire]
127470 | Zot:3    | Gained mutation: Your spells are much easier to cast, but much less powerful. [an orb of fire]
127475 | Zot:3    | Killed an orb of fire
127481 | Zot:3    | Killed an orb of fire
127614 | Zot:3    | Killed an orb of fire
128455 | Zot:4    | Received a gift from Okawaru
128803 | Depths:5 | Received a gift from Okawaru
129386 | Tomb:1   | Entered Level 1 of the Tomb of the Ancients
129754 | Tomb:1   | Noticed a greater mummy
129755 | Tomb:1   | Received a gift from Okawaru
129770 | Tomb:1   | Killed a greater mummy
129792 | Tomb:1   | Noticed a greater mummy
129792 | Tomb:1   | HP: 12/314 [spectral dire elephant[a mummy priest] (13)]
129830 | Tomb:1   | Killed a greater mummy
129838 | Tomb:1   | Noticed a greater mummy
130153 | Tomb:1   | Noticed chequers's ghost (legendary MiGl)
130168 | Tomb:1   | Killed chequers's ghost
130551 | Tomb:2   | Noticed a greater mummy
130551 | Tomb:2   | Noticed an ancient lich
130605 | Tomb:2   | Noticed a greater mummy
130605 | Tomb:2   | Noticed Boris
130606 | Tomb:2   | Noticed an ancient lich
130709 | Tomb:1   | Killed a greater mummy
132082 | Zot:5    | Entered Level 5 of the Realm of Zot
132254 | Zot:5    | Received a gift from Okawaru
132371 | Zot:5    | Noticed an orb of fire
132387 | Zot:5    | Noticed an orb of fire
132396 | Zot:5    | Gained mutation: Potions and wands are less effective at restoring your health. [an orb of fire]
132398 | Zot:5    | Killed an orb of fire
132478 | Zot:5    | Received a gift from Okawaru
132479 | Zot:5    | Noticed an ancient lich
132483 | Zot:5    | Gained mutation: Your magical capacity is very low. (-20% MP) [an orb of fire]
132489 | Zot:5    | Noticed an orb of fire
132490 | Zot:5    | Killed an orb of fire
132497 | Zot:5    | Killed an ancient lich
132500 | Zot:5    | Gained mutation: Armour fits poorly on your strangely shaped body. [an orb of fire]
132507 | Zot:5    | Killed an orb of fire
132509 | Zot:5    | Noticed an orb of fire
132528 | Zot:5    | Gained mutation: Potions and wands are poor at restoring your health. [an orb of fire]
132529 | Zot:5    | Killed an orb of fire
132597 | Zot:5    | Received a gift from Okawaru
132695 | Zot:5    | Noticed an ancient lich
132712 | Zot:5    | Killed an ancient lich
132720 | Zot:5    | Received a gift from Okawaru
132913 | Zot:5    | Gained mutation: You are clumsy. (Dex -2) [an orb of fire]
132914 | Zot:5    | Noticed an orb of fire
132914 | Zot:5    | Noticed an orb of fire
132926 | Zot:5    | Killed an orb of fire
132938 | Zot:5    | Noticed an ancient lich
132938 | Zot:5    | Gained mutation: Your body often deteriorates upon taking damage. [an orb of fire]
132947 | Zot:5    | Killed an orb of fire
132951 | Zot:5    | Killed an ancient lich
132989 | Zot:5    | Noticed an orb of fire
133001 | Zot:5    | Received a gift from Okawaru
133006 | Zot:5    | Killed an orb of fire
133031 | Zot:5    | Noticed an orb of fire
133032 | Zot:5    | Received a gift from Okawaru
133033 | Zot:5    | Noticed an ancient lich
133044 | Zot:5    | Received a gift from Okawaru
133048 | Zot:5    | Killed an ancient lich
133064 | Zot:5    | Received a gift from Okawaru
133171 | Zot:5    | Gained mutation: You occasionally shout uncontrollably at your foes. [an orb of fire]
133172 | Zot:5    | Noticed an orb of fire
133172 | Zot:5    | Noticed an orb of fire
133172 | Zot:5    | Gained mutation: You are very clumsy. (Dex -4) [an orb of fire]
133172 | Zot:5    | Gained mutation: You are sometimes teleported next to monsters. [an orb of fire]
133175 | Zot:5    | Gained mutation: You are very dopey. (Int -4) [an orb of fire]
133185 | Zot:5    | Killed an orb of fire
133185 | Zot:5    | Reached skill level 27 in Fighting
133191 | Zot:5    | Gained mutation: Potions and wands cannot restore your health. [an orb of fire]
133192 | Zot:5    | Killed an orb of fire
133204 | Zot:5    | Killed an orb of fire
133354 | Zot:5    | Got the Orb of Zot
133375 | Zot:5    | Noticed an ancient lich
133381 | Zot:5    | Killed an ancient lich
133585 | Depths:5 | Gained mutation: Your magical capacity is extremely low. (-30% MP) [mutagenic glow]
133791 | Depths:1 | Lost mutation: Your magical capacity is extremely low. (-30% MP) [mutagenic glow]
134238 | D:1      | Lost mutation: Your body often deteriorates upon taking damage. [mutagenic glow]
134255 | D:1      | Noticed Egedyiju the pandemonium lord
134265 | D:$      | Escaped with the Orb!

Vault maps used:
D:1:      minmay_arrival_wavy_path
D:2:      uniq_sigmund, uniq_natasha, uniq_jessica
D:3:      nicolae_overflow_hidden_temple
D:4:      minmay_overflow_temple_hex, first_bread
D:5:      minmay_temple_entry_statues, xom_confusion_cloud
D:6:      basic_altar, abandoned_shop, uniq_duvessa
D:7:      serial_shops, kennysheep_little_box
D:8:      serial_shops, nicolae_shop_waterfront
D:9:      good_gods_mini_temple, serial_curves, eino_curves_03, eino_curves_02,
          eino_curves_02, blue_anna_alchemist, laboratory
D:10:     lair_0_dummy, serial_shops, shop_coins
D:11:     kennysheep_orc_monster_closet_entryway
D:13:     minmay_twisted_water, david_vaults_2, serial_shops, shop,
          minmay_diamond_spiral, uniq_snorg
D:14:     serial_shops, shop_coins, nicolae_ru_awakened_eye, uniq_sonja
D:15:     hangedman_depths_entry_try_elsewhere_first, serial_park_square1
Temple:   hc_temple_tempest_star
Lair:1:   serial_bayou_pond_a, minivault_19, infiniplex_staircase_pool_2
Lair:2:   hangedman_lair_generics_rect, infiniplex_staircase_pool,
          serial_bayou_shore_a, uniq_harold
Lair:3:   uniq_rupert, uniq_urug
Lair:5:   minmay_swamp_entry_worms, minmay_snake_entry_six_corridors,
          zaba_antful_of_joy, serial_bayou_shore_b
Lair:6:   slime_altar_2
Lair:7:   roderic_batcave, st_stairs_6, serial_bayou_shore_b,
          grunt_megastairs_4, uniq_nessos
Lair:8:   hangedman_lair_tendril_chambers, wormcave
Swamp:1:  evilmike_swamp_ruin_rubble_2, swamp_pool1
Swamp:2:  evilmike_swamp_ruin_house_3, uniq_kirke
Swamp:3:  nicolae_swamp_fairy_circle
Swamp:4:  grunt_swamp_rune_castle, swamp_pool1, nicolae_swamp_spriggan_camp
Snake:2:  uniq_frances, uniq_vashnia
Snake:3:  serial_shops, shop_fountains, nicolae_snake_round_shape_thing
Snake:4:  grunt_snake_rune_serpentine_throne, grunt_ministairs_10
Slime:3:  dissolution_awaits, uniq_donald
Orc:1:    basic_altar, serial_shops, nicolae_shop_trees, nicolae_orc_pool_cavern
Orc:2:    grunt_orc_cross, uniq_josephine
Elf:1:    minmay_elf_arrival_plus, minivault_28, kilobyte_rumbling_trees
Elf:2:    uniq_louise
Elf:3:    minmay_elf_hall_four_x
Vaults:1: nicolae_vaults_lopsided_apartments, vaults_standard_mumra_x,
          vaults_standard_mumra_enter_the_diamond, v_misc_23,
          grunt_vaults_diagonal, v_misc_2, v_alt_pattern_1, grunt_vaults_funnel,
          nicolae_vaults_little_squares_6, nicolae_vaults_stairing_the_circle,
          hangedman_vaults_capsules
Vaults:2: v_misc_28, vaults_room_corners, grunt_vaults_bifocal,
          hangedman_vaults_slice, ontoclasm_vaults_misaligned,
          vaults_standard_mumra_enter_the_diamond, vaults_mumra_minichess,
          nicolae_vaults_asterisk, nicolae_vaults_circle_grid_a,
          nicolae_vaults_windows_and_doors_thing, nicolae_vaults_rhombus_6,
          vaults_room_pools, vaults_dpeg_diagonal, serial_shops, shop_statue,
          uniq_mennas
Vaults:3: v_misc_15, nicolae_vaults_little_squares_6,
          nicolae_vaults_inception_scallops, vaults_room_boxed,
          ontoclasm_vaults_shuriken, minmay_crypt_entry_simple_box, v_misc_25,
          nicolae_vaults_ninety_degrees, nicolae_vaults_network_star,
          vaults_mumra_chevron, v_misc_8, ontoclasm_vaults_ring_square,
          nicolae_vaults_little_squares_1, vaults_room_fours, sword_in_stone,
          ontoclasm_vaults_decontamination
Vaults:4: vaults_room_guarded_vault, dpeg_vaults_monster_box,
          ontoclasm_vaults_eye, nicolae_vaults_little_squares_6,
          nicolae_vaults_border_crossing, v_pattern_4, v_alt_pattern_1,
          vaults_room_door_hall, v_misc_1, nicolae_vaults_gold_heap, v_misc_22,
          vaults_dpeg_doors, v_misc_14, v_misc_23, ontoclasm_vaults_ligature,
          serial_shops, shop_fountains, basic_altar, uniq_jorgrun
Crypt:1:  lemuel_mausoleum_altar_yredelemnul, roderic_lattice_octagonal_star
Crypt:2:  ragdoll_tomb_raider, uniq_wiglaf, uniq_xtahua
Crypt:3:  quadcrypt_mu, uniq_khufu
Tomb:2:   uniq_boris
Depths:1: abyss_entry_flame_altar, hell_entry, corexii_corridor_pit,
          nicolae_alphabet_shops, tso_metal_star, grunt_megastairs_2,
          serial_bayou_shore_b
Depths:2: minmay_split_circle, lightli_too_deep, minmay_crystal_water
Depths:3: lightli_tower_of_babel, hex_tiny, abyss_entry,
          grunt_hell_entry_dis_mu, rand_demon_pan_entry_5,
          infiniplex_staircase_door_maze, serial_bayou_shore_b
Depths:4: grunt_bruiser_brothers, hell_entry, infiniplex_enter_wizlab_water,
          abyss_entry, grunt_ministairs_3, kennysheep_small_square,
          uniq_frederick
Depths:5: lemuel_castle_with_subvaults, enter_ziggurat_a,
          pf_hell_entry_tar_spiral, uniq_jory
Zot:3:    lemuel_lake_of_fire, basic_stair_grate_trap
Zot:4:    lemuel_firehouse
Abyss:1:  evilmike_abyss_exit_8, minivault_13
Abyss:2:  evilmike_abyss_exit_plants, hangedman_cross_veins,
          hangedman_decor_points, minivault_22
Abyss:3:  evilmike_abyss_rune_elephants_shrine, evilmike_abyss_exit_15,
          minivault_24
Zig:4:    ziggurat_pillar_centre_c
WizLab:   wizlab_cigotuvi

Skill      XL: |  1  2  3  4  5  6  7  8  9 10 11 12 13 14 15 16 17 18 19 20 21 22 23 24 25 26 27 |
---------------+----------------------------------------------------------------------------------+-----
Maces & Flails | 3 4 5 6 7 |  7.4
Fighting       | 4 5 7 8 9 10 11 12 13 14 15 16 17 18 19 20 27 | 27.0
Unarmed Combat | 5 8 10 11 13 14 15 16 18 19 20 21 23 24 25 27 | 27.0
Armour         | 2 6 9 10 11 12 13 14 15 16 17 18 19 24 | 24.2
Dodging        | 3 7 10 11 12 13 14 15 16 17 18 19 24 | 24.2
Invocations    | 9 10 | 10.2
Throwing       | 11 | 11.2
Shields        | 10 | 10.5
Charms         | 21 | 21.0
Spellcasting   | 11 | 11.1
Necromancy     | 7 |  7.1
Air Magic      | 20 | 20.0
Evocations     | 8 |  8.8

Action                   |  1- 3 |  4- 6 |  7- 9 | 10-12 | 13-15 | 16-18 | 19-21 | 22-24 | 25-27 || total
-------------------------+-------+-------+-------+-------+-------+-------+-------+-------+-------++-------
Melee: Flail             |    52 |       |       |       |       |       |       |       |       ||    52
       Club              |    29 |   111 |   416 |       |       |       |       |       |       ||   556
       Unarmed           |       |       |    89 |   820 |  1848 |  1633 |  1815 |  1924 | 12403 || 20532
       Punch             |       |       |     7 |    22 |       |       |       |       |       ||    29
Throw: Throwing net      |       |       |       |       |       |       |       |       |     1 ||     1
 Cast: Regeneration      |       |       |       |       |       |       |       |       |   150 ||   150
       Deflect Missiles  |       |       |       |       |       |       |       |       |    20 ||    20
       Haste             |       |       |       |       |       |       |       |       |    18 ||    18
Invok: Heroism           |       |       |       |     9 |    14 |    10 |     8 |    10 |    28 ||    79
       Finesse           |       |       |       |       |       |     3 |     1 |     3 |     9 ||    16
 Abil: Evoke Invisibilit |       |       |       |       |       |       |       |       |     1 ||     1
Evoke: Wand              |     3 |       |       |       |       |       |       |     4 |     7 ||    14
       Deck              |       |       |       |       |     3 |       |       |       |     1 ||     4
  Use: Potion            |     1 |       |     7 |       |       |     8 |     5 |     3 |    19 ||    43
       Scroll            |       |       |    10 |     1 |    27 |     6 |     8 |     8 |    37 ||    97
 Stab: Distracted        |       |       |       |     4 |     3 |     4 |     9 |     6 |    43 ||    69
       Sleeping          |       |       |       |       |     7 |       |       |       |       ||     7
       Petrified         |       |       |       |       |     2 |       |       |       |       ||     2
       Confused          |       |       |       |       |       |       |       |     2 |     2 ||     4
       Held in net/web   |       |       |       |       |       |       |       |       |     1 ||     1
       Invisible         |       |       |       |       |       |       |       |       |     9 ||     9
       Paralysed         |       |       |       |       |       |       |       |       |     1 ||     1
  Eat: Chunk             |     1 |     7 |    10 |    30 |    32 |     6 |    24 |    29 |    33 ||   172
       Bread ration      |       |       |     2 |     1 |     3 |     9 |       |       |    23 ||    38
       Royal jelly       |       |       |     2 |       |       |       |       |       |     8 ||    10
       Pizza             |       |       |     1 |       |       |     1 |       |     5 |     6 ||    13
       Beef jerky        |       |       |       |       |     1 |       |     1 |     4 |       ||     6
       Meat ration       |       |       |       |       |       |       |       |     1 |    51 ||    52
Armor: Leather armour    |    21 |    24 |       |       |       |       |       |       |       ||    45
       Ring mail         |       |    10 |   115 |       |       |       |       |       |       ||   125
       Plate armour      |       |       |   170 |   356 |   146 |       |       |       |       ||   672
       Shadow dragon arm |       |       |       |       |   220 |       |       |       |       ||   220
       Crystal plate arm |       |       |       |       |   575 |  1119 |   679 |   850 |  4723 ||  7946
Dodge: Dodged            |    67 |    70 |   304 |   277 |   858 |   941 |  1051 |  1059 |  4797 ||  9424
       Deflected         |       |       |       |       |       |       |       |       |    78 ||    78
Block: Other             |       |       |    11 |    51 |       |       |       |       |       ||    62
       Reflection        |       |       |       |    26 |    11 |    70 |    45 |    38 |     2 ||   192
       Shield            |       |       |       |   241 |   519 |       |       |   298 |       ||  1058
       Buckler           |       |       |       |       |   489 |   773 |   692 |   531 |  2359 ||  4844
